AoeStats
← El Travieso Scott

MegaRandom

507527119Analyzed
4v4 RM · 14d ago on Sep 18, 2026· 92m 50s· 8 players
Game mode
Random Map
Map size
Large (8 player)
Population
200
Speed
Normal
Resources
Standard
Victory
Conquest
Starting age
Dark Age
Ending age
Imperial Age
RankedLock teamsTeams togetherTeam positionsShared explorationLock speedFull tech treeHidden civsTurbo modeCheats
Victory
Defeat
🇩🇪 Bohemians · Germany
916
+12
🇵🇪 Huns · Peru
908
+12
🇲🇽 Burgundians · Mexico
874
+14
🇨🇳 Magyars · China
817
+17
🇮🇳 Goths · India
851
-15
🇪🇸 Spanish · Spain
834
-14
🇹🇷 Khmer · Türkiye
827
-14
🇪🇸 Persians · Spain
790
-12
HIGHVOLTAGE
14:59 Feudal Age
15:48 Loom
16:43 Wheelbarrow
20:36 Castle Age
19:06 Double-Bit Axe
19:06 Horse Collar
20:04 Stone Mining
20:08 Gold Mining
20:25 Scale Mail Armor
20:36 Forging
21:56 Hand Cart
22:52 Bow Saw
22:49 Heavy Plow
24:00 Sanctity
25:01 Stone Shaft Mining
28:46 Caravan
30:45 Squires
31:06 Chain Mail Armor
31:26 Iron Casting
30:50 Pikeman
36:44 Murder Holes
39:55 Imperial Age
41:10 Conscription
42:05 Perfusion
42:53 Anarchy
46:48 Blast Furnace
46:12 Masonry
46:26 Halberdier
48:28 Guilds
49:08 Town Watch
50:02 Architecture
52:25 Crop Rotation
60:20 Two-Man Saw
67:01 Man-at-Arms
69:33 Long Swordsman
71:00 Two-Handed Swordsman
73:37 Champion
Tonir
14:20 Feudal Age
12:36 Loom
16:31 Double-Bit Axe
16:29 Horse Collar
16:31 Fishing Lines
18:27 Scale Barding Armor
18:32 Forging
19:39 Bloodlines
27:45 Castle Age
27:10 Fletching
27:21 Padded Archer Armor
27:44 Pikeman
28:48 Chain Barding Armor
30:18 Iron Casting
29:38 Bodkin Arrow
29:49 Husbandry
30:26 Bow Saw
33:19 Kamandaran
33:59 Medium Warships
34:15 Murder Holes
34:31 Clinker Construction
41:07 Thumb Ring
40:23 Crossbowman
41:21 Leather Archer Armor
43:58 Imperial Age
45:57 Blast Furnace
46:48 Cavalier
48:43 Light Cavalry
53:50 Squires
53:36 Gambesons
55:52 Ballistics
56:43 Heavy Warships
57:31 Plate Barding Armor
66:26 Guilds
67:38 Hussar
78:45 Caravan
80:32 Scale Mail Armor
85:36 Masonry
87:36 Chemistry
91:21 Ring Archer Armor
Boni_5
10:23 Loom
12:54 Feudal Age
13:44 Double-Bit Axe
13:41 Horse Collar
13:30 Man-at-Arms
16:42 Forging
23:32 Castle Age
22:38 Scale Mail Armor
22:43 Stone Mining
22:45 Gold Mining
24:17 Bloodlines
27:44 Heavy Plow
27:57 Bow Saw
29:30 Scale Barding Armor
31:34 Wheelbarrow
31:14 Husbandry
30:42 Elite Skirmisher
31:28 Thumb Ring
33:29 Town Watch
39:04 Imperial Age
39:41 Pikeman
40:22 Squires
39:47 Elite Conquistador
41:48 Ballistics
42:29 Chemistry
42:35 Two-Man Saw
42:58 Conscription
43:25 Arson
45:05 Chemistry
44:56 Chain Barding Armor
44:29 Fletching
44:39 Padded Archer Armor
48:33 Hand Cart
74:49 Iron Casting
74:30 Chain Mail Armor
76:18 Halberdier
80:51 Plate Mail Armor
81:22 Blast Furnace
86:10 Light Cavalry
Galileo Galilei
12:20 Feudal Age
16:44 Castle Age
17:06 Double-Bit Axe
25:18 Stone Mining
30:19 Horse Collar
37:04 Imperial Age
35:51 Wheelbarrow
35:32 Bow Saw
35:29 Heavy Plow
36:19 Forging
41:15 Hand Cart
44:20 Iron Casting
49:08 Pikeman
55:46 Crop Rotation
58:01 Double Crossbow
60:20 Fletching
60:31 Padded Archer Armor
60:36 Scale Barding Armor
63:10 Elite Skirmisher
65:39 Caravan
66:12 Coinage
69:01 Banking
69:15 Elite Skirmisher
70:46 Halberdier
73:21 Man-at-Arms
74:12 Long Swordsman
78:53 Scale Mail Armor
79:09 Leather Archer Armor
78:49 Bodkin Arrow
79:15 Chain Barding Armor
79:56 Blast Furnace
80:08 Two-Handed Swordsman
KcoasRaulMx
3:18 Loom
4:59 Fishing Lines
6:06 Wheelbarrow
12:49 Feudal Age
12:06 Double-Bit Axe
12:04 Horse Collar
14:49 Bow Saw
14:42 Heavy Plow
15:53 Gold Mining
15:54 Stone Mining
23:25 Castle Age
22:34 Fletching
22:55 Forging
24:43 Scale Mail Armor
28:19 Burgundian Vineyards
29:00 Gillnets
29:47 Husbandry
31:30 Town Watch
34:18 Padded Archer Armor
36:51 Bodkin Arrow
42:43 Caravan
44:09 Ballistics
46:55 Elite Skirmisher
49:36 Crop Rotation
52:19 Scale Barding Armor
52:50 Iron Casting
52:37 Light Cavalry
53:41 Chain Barding Armor
62:42 Imperial Age
61:48 Leather Archer Armor
63:26 Hussar
65:08 Blast Furnace
64:44 Plate Barding Armor
66:03 Bracer
69:50 Two-Man Saw
73:32 Fervor
75:42 Hand Cart
75:28 Town Patrol
77:35 Chemistry
85:19 Pikeman
89:27 Murder Holes
90:07 Conscription
DonLeberkaso
9:09 Loom
13:06 Feudal Age
18:34 Double-Bit Axe
21:41 Castle Age
19:25 Horse Collar
19:58 Town Watch
21:27 Fletching
23:24 Bow Saw
23:33 Heavy Plow
24:20 Medium Warships
24:10 Bodkin Arrow
27:15 Padded Archer Armor
27:27 Forging
28:23 Ballistics
28:43 Leather Archer Armor
32:19 Wheelbarrow
31:50 Town Patrol
33:33 Chemistry
32:52 Careening
33:01 Clinker Construction
36:51 Iron Casting
38:49 Imperial Age
39:26 Elite Cannon Galleon
40:34 Heavy Warships
42:54 Guilds
47:57 Hand Cart
52:30 Siege Engineers
69:13 Capped Ram
71:37 Two-Man Saw
79:03 Houfnice
El Travieso Scott
15:01 Feudal Age
13:18 Loom
15:34 Double-Bit Axe
17:49 Wheelbarrow
18:05 Forging
17:55 Scale Mail Armor
17:55 Man-at-Arms
18:59 Gold Mining
24:27 Castle Age
24:17 Town Watch
26:30 Bow Saw
26:52 Hand Cart
26:59 Horse Collar
27:56 Fletching
28:15 Scale Barding Armor
29:33 Husbandry
29:45 Bloodlines
29:41 Squires
29:26 Arson
34:46 Chain Barding Armor
35:01 Iron Casting
35:35 Fletching
38:21 Fervor
44:11 Heavy Plow
45:52 Caravan
53:26 Bodkin Arrow
53:31 Padded Archer Armor
53:47 Chain Mail Armor
54:06 Pikeman
55:31 Thumb Ring
55:39 Elite Skirmisher
62:00 Imperial Age
61:16 Light Cavalry
62:20 Leather Archer Armor
63:23 Plate Barding Armor
63:48 Blast Furnace
62:30 Long Swordsman
63:32 Two-Handed Swordsman
67:17 Two-Man Saw
70:29 Blast Furnace
70:34 Cavalier
72:29 Hussar
74:32 Halberdier
79:25 Paladin
1956323535
Connection lost

Rejoining the realm…

Still unreachable

The connection could not be restored.

Session expired

The server has moved on; the page needs a fresh start.